 Dungeon Crawl Stone Soup version 0.18.1-48-g4cf74bf (webtiles) character file.

33 Gadfly the Cudgeler (level 3, 0/36 HPs)
             Began as a Troll Berserker on June 26, 2016.
             Was a Follower of Trog.
             Slain by Crazy Yiuf
             ... wielding a +2 quarterstaff of chaos
              (2 damage)
             ... on level 2 of the Dungeon.
             The game lasted 00:03:28 (1049 turns).

Gadfly the Cudgeler (Troll Berserker)               Turns: 1049, Time: 00:03:28

Health: 0/36       AC:  6    Str: 25    XL:     3   Next: 12%
Magic:  2/2        EV: 10    Int:  3    God:    Trog [*.....]
Gold:   36         SH:  0    Dex: 10    Spells: 0 memorised, 2 levels left

rFire  . . .     SeeInvis .     a - +0 mace
rCold  . . .     Gourm    +     b - +1 animal skin
rNeg   . . .     Faith    .     (no shield)
rPois  .         Spirit   .     (helmet restricted)
rElec  .         Dismiss  .     (no cloak)
rCorr  .         Reflect  .     (gloves unavailable)
SustAt .         Harm     .     (boots unavailable)
MR     ++...                    (no amulet)
Stlth  +.........               (no ring)
                                (no ring)

@: regenerating, drained, very resistant to hostile enchantments, very
unstealthy
A: unfitting armour, claws 3, fast metabolism 3, gourmand, regeneration 2,
shaggy fur 1, tough skin 2
a: Berserk, Burn Spellbooks, Renounce Religion


You were on level 2 of the Dungeon.
You worshipped Trog.
Trog was aware of your devotion.
You were completely stuffed.

You visited 1 branch of the dungeon, and saw 2 of its levels.

You collected 36 gold pieces.

Inventory:

Hand Weapons
 a - a +0 mace (weapon)
Missiles
 e - 29 stones (quivered)
Armour
 b - a +1 animal skin (worn)
Scrolls
 d - a scroll of immolation {unknown}
 g - a scroll of teleportation {unknown}
 i - a scroll of fog {unknown}
Potions
 f - a potion of heal wounds
Comestibles
 c - 2 bread rations
 h - 2 chunks of flesh
 j - a royal jelly


   Skills:
 + Level 2.8(2.5) Fighting
 + Level 3.0(2.7) Maces & Flails
 + Level 0.3(0.0) Throwing
 + Level 2.8(2.6) Dodging


You had 2 spell levels left.
You didn't know any spells.

Dungeon Overview and Level Annotations

Branches:
Dungeon (2/15)

Altars:

Annotations:
D:2 Crazy Yiuf


Innate Abilities, Weirdness & Mutations

You are too large for most types of armour.
You have claws for hands.
Your metabolism is lightning-fast.
You like to eat raw meat.
You heal very quickly.
You are covered in fur (AC +1).
You have very tough skin (AC +2).


Message History

Crazy Yiuf hits you with a quarterstaff of chaos!
* * * LOW HITPOINT WARNING * * *
Crazy Yiuf freezes you.
* * * LOW HITPOINT WARNING * * *
Throwing (i - inventory):
e - 29 stones (quivered)
Press: ? - help, Shift-Dir - straight line, f/p - Crazy Yiuf
Aim: Crazy Yiuf, wielding a quarterstaff of chaos and wearing a runed cloak (heavily wounded, unusually resistant)
Okay, then.
You don't know any spells.
Your skin crawls.
You feel resistant to hostile enchantments.
You feel slightly less full.
You can no longer call upon Trog for regeneration and protection from hostile enchantments.
Crazy Yiuf misses you.
You hit Crazy Yiuf but do no damage.
Crazy Yiuf is heavily wounded.
Crazy Yiuf hits you with a quarterstaff of chaos.
* * * LOW HITPOINT WARNING * * *
You feel drained.
You die...

...##.. ....... .......
..##.## #.#. #...
♣♣♣♣♣### #...
♣♣♣.♣.P..## ##..
♣g@♣..P...## ##.
#...(.♣♣♣♣.P....########
#(..#♣ ♣♣..........###
### ♣♣########.... #####


You could see Crazy Yiuf.

Vanquished Creatures
  An ooze (D:2)
  2 giant geckos
  6 bats (D:1)
  A giant cockroach (D:1)
  A goblin (D:1)
  3 hobgoblins (D:1)
  4 jackals (D:1)
  2 giant newts
  2 kobolds
  4 rats
26 creatures vanquished.

Notes
Turn   | Place    | Note
--------------------------------------------------------------
     0 | D:1      | Gadfly the Troll Berserker began the quest for the Orb.
     0 | D:1      | Reached XP level 1. HP: 22/22 MP: 0/0
   413 | D:1      | Reached XP level 2. HP: 19/29 MP: 1/1
   494 | D:1      | Reached skill level 3 in Maces & Flails
   951 | D:2      | Reached XP level 3. HP: 36/36 MP: 2/2
   965 | D:2      | Reached ** piety under Trog
  1035 | D:2      | Noticed Crazy Yiuf
  1049 | D:2      | Slain by Crazy Yiuf

Skill      XL: |  1  2 |
---------------+-------+-----
Maces & Flails | 3 |  3.0
Fighting       | |  2.8
Throwing       | |  0.3
Dodging        | |  2.8

Action                   || total
-------------------------++-------
Melee: Mace              ||   100
Throw: Stone             ||    42
Invok: Trog's Hand       ||     1
  Use: Scroll            ||     2
       Potion            ||     1
 Stab: Sleeping          ||     1
  Eat: Chunk             ||    16
Armor: Animal skin       ||    46
Dodge: Dodged            ||    74
